 Dungeon Crawl Stone Soup version 0.17.1-1-g73c8601 (console) character file.

7882 Kloppie the Fighter (level 11, -2/110 HPs)
             Began as a Minotaur Berserker on Dec 19, 2015.
             Was a High Priest of Trog.
             Shot with an arrow by a centaur (4 damage)
             ... on level 1 of the Lair of Beasts.
             The game lasted 00:15:02 (9254 turns).

Kloppie the Fighter (Minotaur Berserker)            Turns: 9254, Time: 00:15:03

Health: -2/110     AC:  8    Str: 22    XL:     11   Next: 2%
Magic:  10/10      EV: 10    Int:  4    God:    Trog [*****.]
Gold:   592        SH:  0    Dex:  8    Spells: 0 memorised, 10 levels left

rFire  . . .     SeeInvis .     a - +7 falchion {venom, rElec rPois MR+ Dex-5}
rCold  . . .     Clarity  .     r - +1 scale mail
rNeg   + . .     SustAt   .     (no shield)
rPois  +         Gourm    .     (helmet restricted)
rElec  +         Spirit   .     E - +0 cloak
rCorr  .         Warding  .     (no gloves)
rMut   .         Stasis   .     j - -2 pair of boots "Naogovint" {rN+ MR+} (curse)
MR     ++++.                    (no amulet)
Stlth  ..........               (no ring)
                                (no ring)

@: regenerating, incredibly resistant to hostile enchantments, extremely
unstealthy
A: retaliatory headbutt, horns 2
a: Berserk, Trog's Hand, Brothers in Arms, Burn Spellbooks, Renounce Religion


You were on level 1 of the Lair of Beasts.
You worshipped Trog.
Trog was extremely pleased with you.
You were not hungry.

You visited 2 branches of the dungeon, and saw 11 of its levels.

You collected 667 gold pieces.
You spent 75 gold pieces at shops.

Inventory:

Hand Weapons
 a - the +7 falchion "Wishrem" (weapon) {venom, rElec rPois MR+ Dex-5}
   (You found it on level 7 of the Dungeon)

   It poisons the flesh of those it strikes.
   It affects your dexterity (-5).
   It insulates you from electricity.
   It protects you from poison.
   It affects your resistance to hostile enchantments.
 b - a +0 flail
 x - a +4 great sword of slicing
 y - a +0 long sword
Armour
 j - the cursed -2 pair of boots "Naogovint" (worn) {rN+ MR+}
   (You found it on level 5 of the Dungeon)

   It protects you from negative energy.
   It affects your resistance to hostile enchantments.
   It has a curse placed upon it.
 r - a +1 scale mail (worn)
 E - a +0 cloak (worn)
Wands
 h - a wand of lightning (6)
 u - a wand of disintegration (9)
 I - a wand of paralysis (14)
Scrolls
 d - 3 scrolls of blinking
 i - 5 scrolls of remove curse
 n - 3 scrolls of magic mapping
 q - 2 scrolls of enchant weapon
 s - 2 scrolls of teleportation
 v - a scroll of recharging
 C - a scroll of enchant armour
Potions
 e - a potion of curing
 f - 3 potions of lignification
 g - 4 potions of heal wounds {unknown}
 l - 2 potions of might
 m - 2 potions of poison {unknown}
 o - a potion of invisibility
 p - 3 potions of agility
 t - a potion of degeneration {unknown}
 w - a potion of magic {unknown}
 z - a potion of resistance
 A - 2 potions of haste
 F - a potion of cure mutation {unknown}
 H - a potion of cancellation
Comestibles
 c - 9 bread rations
 k - 5 meat rations
 G - 2 chunks of flesh


   Skills:
 + Level 14.1 Fighting
 - Level 14.0 Long Blades
 + Level 3.3 Armour
 - Level 2.1 Dodging


You had 10 spell levels left.
You didn't know any spells.

Dungeon Overview and Level Annotations

Branches:
Dungeon (10/15)            Temple (0/1) D:6            Lair (1/8) D:10
    Orc: D:9-12

Altars:
Nemelex Xobeh
Ru
Yredelemnul
The Shining One

Shops:
D:5 (

Annotations:
D:8 exclusions: ice statue and obsidian statue


Innate Abilities, Weirdness & Mutations

You reflexively headbutt those who attack you in melee.
You have a pair of horns on your head.


Message History

* * * LOW HITPOINT WARNING * * *
Things that are here:
an arrow of frost; 4 arrows The centaur shoots an arrow of frost.
The arrow of frost closely misses you.
The centaur shoots an arrow.
The arrow closely misses you.
The centaur shoots an arrow of frost.
The arrow of frost barely misses you.
Things that are here:
an arrow; 3 arrows of frost Your skin crawls.
You feel resistant to hostile enchantments.
You feel slightly more hungry.
The centaur shoots an arrow.
The arrow hits you!
* * * LOW HITPOINT WARNING * * *
The arrow freezes you.
* * * LOW HITPOINT WARNING * * *
The centaur shoots an arrow of frost.
The arrow of frost hits you.
* * * LOW HITPOINT WARNING * * *
The arrow of frost freezes you.
* * * LOW HITPOINT WARNING * * *
The centaur shoots an arrow.
The arrow hits you.
You die...

##.##..#≈##..cc.#≈≈#
#......#≈≈#c≈≈c≈c≈#
#......#≈≈≈≈≈≈≈≈≈# .. ######.....
#≈≈≈≈≈≈≈≈# #.. ...#....# #≈≈≈≈≈≈#
#.. ........# #≈≈≈(≈≈# #..
..<.....# .# #..((..# ##..
.........# ..###(.((#.# #...
..............##@(..### ####...
...............##....# #......
................#...## ##.P##..
.....................# #..###..
...................#### ##.# #..
................P..##.#####.###..
^..............PP...........P##..
..#.........................###..
.P#...^........##..#.##.#.####...


You could see 3 centaurs.

Vanquished Creatures
  An unseen horror (D:9)
  A hill giant (D:10)
  Maurice (D:8)
  A troll (D:10)
  Sigmund (D:3)
  A wraith (D:10)
  A wyvern (D:8)
  The ghost of Musteatbrain the Skirmisher, an amateur DsFi (D:3)
  A hungry ghost (D:7)
  3 wolves (D:10)
  A porcupine (Lair:1)
  A water moccasin (D:9)
  Duvessa (D:5)
  A phantom (D:8)
  A black bear (D:6)
  3 ice beasts
  3 sky beasts
  3 orc warriors
  A necrophage (D:9)
  A wasp (D:10)
  6 centaurs
  2 ogres
  Blork the orc (D:6)
  A big kobold (D:10)
  5 giant frogs
  Dowan (D:5)
  2 scorpions
  3 spriggan skeletons (D:9)
  A troll skeleton (D:9)
  15 killer bees
  3 crimson imps
  4 electric eels (D:10)
  4 orc priests
  3 giant frog zombies
  8 orc wizards
  6 hounds
  4 centaur skeletons
  2 iguanas (Lair:1)
  Natasha (D:3)
  2 giant frog skeletons
  9 worker ants
  6 sheep (Lair:1)
  A hound zombie (D:10)
  2 worker ant zombies
  3 hound skeletons
  Robin (D:3)
  10 adders
  A shadow imp (D:7)
  An ooze (D:1)
  An adder skeleton (D:6)
  A worm (D:3)
  4 giant geckos
  28 orcs
  2 ball pythons
  12 goblins
  13 hobgoblins
  21 jackals
  2 quokkas
  2 bats (D:1)
  4 giant cockroaches
  4 giant newts
  8 kobolds
  A quokka skeleton (D:8)
  A quokka zombie (D:6)
  11 rats
251 creatures vanquished.

Notes
Turn   | Place    | Note
--------------------------------------------------------------
     0 | D:1      | Kloppie the Minotaur Berserker began the quest for the Orb.
     0 | D:1      | Reached XP level 1. HP: 19/19 MP: 0/0
   118 | D:1      | Reached skill level 4 in Fighting
   118 | D:1      | Reached XP level 2. HP: 16/27 MP: 1/1
   546 | D:1      | Reached ** piety under Trog
   691 | D:2      | Reached XP level 3. HP: 31/34 MP: 2/2
   962 | D:2      | Found a sparkling altar of Nemelex Xobeh.
  1244 | D:3      | Reached skill level 5 in Fighting
  1290 | D:3      | Noticed Sigmund
  1296 | D:3      | Killed Sigmund
  1296 | D:3      | Reached skill level 6 in Fighting
  1296 | D:3      | Reached skill level 5 in Long Blades
  1296 | D:3      | Reached XP level 4. HP: 42/44 MP: 3/3
  1296 | D:3      | Reached XP level 5. HP: 47/50 MP: 4/4
  1393 | D:3      | Reached *** piety under Trog
  1477 | D:3      | Noticed Robin
  1505 | D:3      | Killed Robin
  1733 | D:3      | Noticed Musteatbrain's ghost (amateur DsFi)
  1755 | D:3      | Reached XP level 6. HP: 53/58 MP: 5/5
  1762 | D:3      | Killed Musteatbrain's ghost
  1762 | D:3      | Reached skill level 7 in Fighting
  2057 | D:3      | Noticed Natasha
  2061 | D:3      | Killed Natasha
  2093 | D:3      | Found a sacrificial altar of Ru.
  2160 | D:4      | Reached XP level 7. HP: 66/66 MP: 6/6
  2234 | D:4      | Reached **** piety under Trog
  2615 | D:4      | Reached skill level 8 in Fighting
  3243 | D:5      | Entered Level 5 of the Dungeon
  3276 | D:5      | Found Vouseam's Antique Weapon Boutique.
  3296 | D:5      | Bought a runed falchion for 75 gold pieces
  3403 | D:5      | Got a pair of crude boots
  3432 | D:5      | Identified the cursed -2 pair of boots "Naogovint" {rN+ MR+} (You found it on level 5 of the Dungeon)
  3443 | D:5      | Noticed Dowan
  3444 | D:5      | Noticed Duvessa
  3452 | D:5      | Killed Dowan
  3452 | D:5      | Reached XP level 8. HP: 63/75 MP: 7/7
  3467 | D:5      | Killed Duvessa
  3467 | D:5      | Reached skill level 9 in Long Blades
  3912 | D:6      | Found a staircase to the Ecumenical Temple.
  3920 | D:6      | Reached ***** piety under Trog
  4180 | D:6      | Reached skill level 10 in Long Blades
  4376 | D:6      | Reached skill level 10 in Fighting
  4398 | D:6      | Noticed Blork the orc
  4404 | D:6      | Killed Blork the orc
  4503 | D:6      | Reached XP level 9. HP: 56/86 MP: 8/8
  4667 | D:6      | Found a basalt altar of Yredelemnul.
  5043 | D:7      | Reached skill level 11 in Long Blades
  5095 | D:7      | Got a faintly glowing falchion
  5295 | D:7      | Identified the +7 falchion "Wishrem" {venom, rElec rPois MR+ Dex-5} (You found it on level 7 of the Dungeon)
  5595 | D:8      | Noticed an obsidian statue
  6058 | D:8      | Received a gift from Trog
  6084 | D:8      | Reached skill level 12 in Fighting
  6339 | D:8      | Noticed Maurice
  6365 | D:8      | Killed Maurice
  6491 | D:8      | Reached XP level 10. HP: 70/99 MP: 9/9
  6524 | D:8      | Noticed an ice statue
  7227 | D:9      | Killed an unseen horror
  7227 | D:9      | Reached skill level 13 in Fighting
  7541 | D:10     | Entered Level 10 of the Dungeon
  7615 | D:10     | Found a staircase to the Lair.
  7620 | D:10     | Noticed a hill giant
  8234 | D:10     | Killed a hill giant
  8234 | D:10     | Reached skill level 14 in Long Blades
  8830 | Lair:1   | Entered Level 1 of the Lair of Beasts
  8837 | Lair:1   | Reached XP level 11. HP: 110/110 MP: 10/10
  9248 | Lair:1   | Found a glowing golden altar of the Shining One.
  9254 | Lair:1   | HP: 4/110 [centaur/arrow of frost (4)]
  9254 | Lair:1   | Shot with an arrow by a centaur

Action                   |  1- 3 |  4- 6 |  7- 9 | 10-12 || total
-------------------------+-------+-------+-------+-------++-------
Melee: Falchion          |    89 |    84 |   303 |   209 ||   685
       Long sword        |       |       |    58 |       ||    58
Invok: Trog's Hand       |     1 |     1 |     2 |     5 ||     9
       Berserk           |     1 |     1 |     1 |     2 ||     5
Evoke: Wand              |       |       |       |     1 ||     1
  Use: Scroll            |       |       |    19 |     6 ||    25
       Potion            |       |       |       |     2 ||     2
  Eat: Chunk             |     1 |     6 |    14 |    10 ||    31
       Fruit             |       |       |     2 |       ||     2
       Pizza             |       |       |       |     1 ||     1
